 Dungeon Crawl Stone Soup version 0.31-a0-182-gc5ef74bbde (webtiles) character file.

Game seed: 3761962607541815474

2716 ytrimaz the Thaumaturge (level 9, -5/57 HPs)
             Began as a Mummy Necromancer on June 16, 2023.
             Was a Follower of Kikubaaqudgha.
             Shot with an arrow by a centaur (11 damage)
             ... on level 7 of the Dungeon on June 21, 2023.
             The game lasted 00:19:14 (7481 turns).

ytrimaz the Thaumaturge (Mummy Necromancer)         Turns: 7481, Time: 00:19:15

Health: -5/57      AC:  8    Str: 11    XL:     9   Next: 39%
Magic:  1/21       EV: 13    Int: 19    God:    Kikubaaqudgha [*.....]
Gold:   257        SH:  0    Dex: 12    Spells: 5/25 levels left

rFire   . . .        (no weapon)
rCold   + . .        (no shield)
rNeg    + + +        j - +1 leather armour {rF+}
rPois   ∞            f - +1 helmet
rElec   .            (no cloak)
rCorr   .            o - +0 pair of gloves
SInv    .            e - +0 pair of boots
Will    +....        (no amulet)
Stlth   +            (no ring)
HPRegen 0.29/turn    (no ring)
MPRegen 0.17/turn

%: faith
@: no status effects
A: cold resistance 1, negative energy resistance 3, torment resistance 2, heat
vulnerability 1, in touch with death 1, no potions, faith
a: Renounce Religion, Unearth Wretches


You were on level 7 of the Dungeon.
You worshipped Kikubaaqudgha.
Kikubaaqudgha was aware of your devotion.
You visited 2 branches of the dungeon, and saw 9 of its levels.

You collected 257 gold pieces.


Innate Abilities, Weirdness & Mutations

You are immune to poison.
Your flesh is cold resistant. (rC+)
You are immune to negative energy. (rN+++)
You are immune to unholy pain and torment.
You are vulnerable to heat. (rF-)
You are in touch with the powers of death.
You do not drink.
You have a special connection with the divine. (Faith)


   Skills:
 - Level 6.2 Dodging
 - Level 1.5 Stealth
 + Level 8.7 Spellcasting
 + Level 8.0 Necromancy
 + Level 3.5 Earth Magic


You had 5 spell levels left.
You knew the following spells:

 Your Spells              Type           Power      Damage    Failure   Level
a - Necrotise             Necr           100%       1d9       1%          1
b - Vampiric Draining     Necr           55%        2d9       1%          3
c - Animate Dead          Necr           55%        N/A       4%          4
d - Agony                 Necr           55%        N/A       12%         5
e - Cigotuvi's Dreadful   Necr/Pois/Air  54%        N/A       5%          2
f - Borgnjor's Vile Clut  Necr/Erth      22%        N/A       28%         5

Your spell library contained the following spells:

 Spells                   Type           Power      Damage    Failure   Level
 Kiss of Death            Conj/Necr      100%       2d13      2%          1
 Apportation              Tloc           16%        N/A       11%         1
 Portal Projectile        Hex/Tloc       16%        N/A       32%         3
 Tukima's Dance           Hex            8%         N/A       32%         3
 Passage of Golubria      Tloc           8%         N/A       73%         4
 Alistair's Intoxication  Tmut/Pois      5%         N/A       97%         5
 Yara's Violent Unravell  Hex/Tmut       4%         3d4       97%         5
 Death Channel            Necr           27%        N/A       54%         6
 Blade Hands              Tmut           Unusable   N/A       N/A         5

Inventory:

Missiles
 m - a throwing net
Armour
 a - a +0 robe
 e - a +0 pair of boots (worn)
   (You found it on level 1 of the Dungeon)
 f - a +1 helmet (worn)
   (You found it on level 1 of the Dungeon)
 j - a +1 leather armour of fire resistance (worn)
   (You took it off Ijyb on level 5 of the Dungeon)
 o - a +0 pair of gloves (worn)
   (You found it on level 4 of the Dungeon)
Jewellery
 b - an amulet of guardian spirit
   (You found it on level 2 of the Dungeon)
Wands
 c - a wand of polymorph (11)
   (You took it off a hobgoblin on level 4 of the Dungeon)
 p - a wand of mindburst (13) (quivered)
   (You found it on level 4 of the Dungeon)
Scrolls
 k - 4 scrolls of revelation
 l - 3 scrolls of noise

Dungeon Overview and Level Annotations

Branches:
Dungeon (8/15) Zot: 26648  Temple (1/1) D:4 Zot: 5766
   Lair: D:8-11

Altars:
Cheibriados
Dithmenos
Fedhas
Hepliaklqana
Kikubaaqudgha
Makhleb
Nemelex Xobeh
Okawaru
Qazlal
Ru
Sif Muna
Trog
Uskayaw
Vehumet
Wu Jian
Xom

Annotations:
D:3 Grinder

..... #... #...
##############...
##.[..............
#.c..c$.......#.#.
#.####''####......
#.# #..#... #@#
#...... #.#
#..#... #.+
+...... #.+
+..#... ###
#...... #..#.#.
##.#### #


You could see a centaur (inner flame).


Message History

Casting: Vampiric Draining (safe; 1% risk of failure)
Confirm with . or Enter, or press ? or * to list all spells.
Aiming: Vampiric Draining (safe; 1% risk of failure)
Press: ? - help, Shift-Dir - straight line, f/p - Joseph
Aim: Joseph, wielding a +0 quarterstaff and wearing a +0 leather armour (moderately wounded)
You feel a surge of power!
You draw life force from Joseph!
You feel life coursing into your body.
Joseph hits you but does no damage. 😮 HP[+5] MP[-3]
You regained 5 hp, and now have 29/57 hp.
You lost 3 mp, and now have 12/21 mp.
Casting: Vampiric Draining (safe; 1% risk of failure)
Confirm with . or Enter, or press ? or * to list all spells.
Okay, then.
Casting: Vampiric Draining (safe; 1% risk of failure)
Confirm with . or Enter, or press ? or * to list all spells.
The spell is quite dangerous to miscast (14% risk of failure)!
Continue anyway?
Okay, then.
Casting: Agony (quite dangerous; 14% risk of failure)
Confirm with . or Enter, or press ? or * to list all spells.
The spell is quite dangerous to miscast (14% risk of failure)!
Continue anyway?
Aiming: Agony (quite dangerous; 14% risk of failure)
Press: ? - help, Shift-Dir - straight line, f/p - Joseph
Aim: Joseph, wielding a +0 quarterstaff and wearing a +0 leather armour (heavily wounded, chance to affect: 95%)
You feel a surge of power!
Joseph convulses!
Joseph hits you with a +0 quarterstaff!
* * * LOW HITPOINT WARNING * * *
😨 HP[-9] MP[-5]
You take 9 damage, and now have 20/57 hp.
You lost 5 mp, and now have 7/21 mp.
Unknown command.
Casting: Agony (quite dangerous; 14% risk of failure)
Confirm with . or Enter, or press ? or * to list all spells.
Aiming: Vampiric Draining (safe; 1% risk of failure)
Press: ? - help, Shift-Dir - straight line, f/p - Joseph
Aim: Joseph, wielding a +0 quarterstaff and wearing a +0 leather armour (severely wounded)
You feel a surge of power!
You draw life force from Joseph!
You feel life coursing into your body. Joseph hits you with a +0 quarterstaff!
* * * LOW HITPOINT WARNING * * *
😱 HP[-6] MP[-3]
You take 6 damage, and now have 14/57 hp.
You lost 3 mp, and now have 4/21 mp.
Aiming: Necrotise (safe; 1% risk of failure)
Press: ? - help, Q - select action, (/) - cycle Shift-Dir - straight line, f/p - Joseph
Aim: Joseph, wielding a +0 quarterstaff and wearing a +0 leather armour (almost dead, chance to affect: 70%)
You feel a surge of power!
Joseph writhes in agony.
Joseph hits you but does no damage.
Aiming: Necrotise (safe; 1% risk of failure)
Press: ? - help, Q - select action, (/) - cycle Shift-Dir - straight line, f/p - Joseph
Aim: Joseph, wielding a +0 quarterstaff and wearing a +0 leather armour (almost dead, chance to affect: 70%)
You feel a surge of power!
Joseph struggles to resist.
Joseph hits you with a +0 quarterstaff.
* * * LOW HITPOINT WARNING * * *
😱 HP[-2] MP[-1]
You take 2 damage, and now have 12/57 hp.
You lost 1 mp, and now have 3/21 mp.
Aiming: Necrotise (safe; 1% risk of failure)
Press: ? - help, Q - select action, (/) - cycle Shift-Dir - straight line, f/p - Joseph
Aim: Joseph, wielding a +0 quarterstaff and wearing a +0 leather armour (almost dead, chance to affect: 70%)
You feel a surge of power!
Joseph struggles to resist.
Joseph closely misses you. 😱 MP[-1]
You lost 1 mp, and now have 2/21 mp.
Aiming: Necrotise (safe; 1% risk of failure)
Press: ? - help, Q - select action, (/) - cycle Shift-Dir - straight line, f/p - Joseph
Aim: Joseph, wielding a +0 quarterstaff and wearing a +0 leather armour (almost dead, chance to affect: 70%)
You feel a surge of power!
Joseph writhes in agony.
Joseph closely misses you. 😱 MP[-1]
You lost 1 mp, and now have 1/21 mp.
Aiming: Necrotise (safe; 1% risk of failure)
Press: ? - help, Q - select action, (/) - cycle Shift-Dir - straight line, f/p - Joseph
Aim: Joseph, wielding a +0 quarterstaff and wearing a +0 leather armour (almost dead, chance to affect: 70%)
You feel a surge of power!
Joseph struggles to resist.
Joseph hits you with a +0 quarterstaff!
* * * LOW HITPOINT WARNING * * *
😱 HP[-8] MP[-1]
You take 8 damage, and now have 4/57 hp.
You lost 1 mp, and now have 0/21 mp.
Aiming: Mindburst
Press: ? - help, Q - select action, (/) - cycle Shift-Dir - straight line, f/p - Joseph
Aim: Joseph, wielding a +0 quarterstaff and wearing a +0 leather armour (almost dead, chance to affect: 47%) Joseph's mind is blasted!!
You blow up Joseph!
Kikubaaqudgha accepts your kill.
You hear a shout! x2
Your Necromancy skill increases to level 8! 😱 HP[+1] Unknown command.
A centaur comes into view.
Items here: ! )) [. 😱 MP[+1] 😱 HP[+1]
You can't drink.
Really read the scroll of immolation?
As you read the scroll of immolation, it crumbles to dust.
The creatures around you are filled with an inner flame!
The centaur wields a +0 orcbow.
The centaur shoots an arrow.
The arrow hits you!
You die...
Kikubaaqudgha rasps: "You have failed me!
Welcome... oblivion!"

Skill      XL: |  1  2  3  4  5  6  7  8  9 |
---------------+----------------------------+-----
Dodging        | 2 3 4 5 6 |  6.2
Spellcasting   | 3 4 5 6 8 |  8.7
Necromancy     | 5 6 7 8 |  8.0
Earth Magic    | 3 |  3.5
Stealth        | |  1.5

Action                     |  1- 3 |  4- 6 |  7- 9 || total
---------------------------+-------+-------+-------++-------
  Melee: Unarmed           |     8 |     7 |    33 ||    48
         Punch             |       |     1 |       ||     1
         Hand axe          |       |       |    11 ||    11
   Cast: Necrotise         |    79 |    78 |    84 ||   241
         Vampiric Draining |       |    11 |    24 ||    35
         Animate Dead      |       |       |     2 ||     2
         Cigotuvi's Dreadf |       |       |     1 ||     1
         Agony             |       |       |     1 ||     1
 Invoke: Unearth Wretches  |       |       |     1 ||     1
  Evoke: Wand              |       |     3 |     5 ||     8
    Use: Scroll            |     2 |     9 |     4 ||    15
 Armour: Robe              |    12 |     9 |       ||    21
         Leather armour    |       |       |    49 ||    49
  Dodge: Dodged            |    26 |    28 |    83 ||   137

Levels and vault maps discovered:
D:1:      psy_arrival_wood_between_worlds, layout_basic,
          minmay_misc_feat_nine_boxes
D:2:      layout_rooms, minivault_4
D:3:      layout_basic, amcnicky_altar_gilded, uniq_grinder
D:4:      layout_loops_ring, nicolae_xom_altar_mimics,
          overflow_temple_1_default, lemuel_tele_altar,
          minmay_temple_entry_ruins
D:5:      layout_loops_ring, minmay_misc_feat_roman, water_maze_lemuel,
          uniq_ijyb
D:6:      layout_loops_ring, pf_just_have_faith
D:7:      layout_basic, st_stairs_4, kennysheep_generic_room_6, uniq_joseph
D:8:      minmay_opposing_rooms, layout_loops_ring, kennysheep_ying_yang,
          kennysheep_pointless_box, minivault_12, uniq_maggie, uniq_gastronok
Temple:   nicolae_temple_bog_church

Notes
Turn   | Place    | Note
-------+----------+-------------------------------------------
     0 | D:1      | ytrimaz the Mummy Necromancer began the quest for the Orb.
     0 | D:1      | Reached XP level 1. HP: 13/13 MP: 4/4
     0 | D:1      | magus.rc [v1.9.6]
   290 | D:1      | Reached skill level 2 in Dodging
   290 | D:1      | Reached XP level 2. HP: 15/19 MP: 0/5
   364 | D:1      | Reached skill level 3 in Spellcasting
   588 | D:1      | You pick up a book of Weapons and begin reading...
   588 | D:1      | You add the spells Tukima's Dance and Portal Projectile to
                  | your library.
  1176 | D:2      | Gained mutation: You are in touch with the powers of death.
                  | [Mummy growth]
  1176 | D:2      | Reached XP level 3. HP: 13/24 MP: 0/7
  1359 | D:2      | Learned a level 3 spell: Vampiric Draining
  1458 | D:2      | magus.rc [v1.9.6]
  1731 | D:2      | You pick up a book of Party Tricks and begin reading...
  1731 | D:2      | You add the spells Apportation and Alistair's Intoxication
                  | to your library.
  1984 | D:3      | HP: 6/24 [gnoll/+0 spear (8)]
  1985 | D:3      | HP: 1/24 [gnoll/+0 spear (5)]
  2093 | D:2      | Reached XP level 4. HP: 27/30 MP: 5/9
  2282 | D:3      | Reached skill level 3 in Dodging
  2739 | D:3      | Reached XP level 5. HP: 35/35 MP: 7/10
  2744 | D:3      | Learned a level 4 spell: Animate Dead
  2788 | D:3      | Noticed Grinder
  2936 | D:4      | Reached skill level 4 in Spellcasting
  2967 | D:4      | Found a staircase to the Ecumenical Temple.
  2976 | Temple   | Entered the Ecumenical Temple
  3187 | Temple   | Became a worshipper of Kikubaaqudgha
  3387 | D:4      | Found a hide-covered altar of Uskayaw.
  3540 | D:4      | Noticed a steam dragon
  3552 | D:4      | Killed a steam dragon
  3553 | D:4      | Reached skill level 4 in Dodging
  3553 | D:4      | Reached skill level 5 in Necromancy
  3553 | D:4      | Reached XP level 6. HP: 24/41 MP: 0/12
  3682 | D:4      | Found a shimmering altar of Xom.
  3683 | D:4      | Found a shimmering altar of Xom.
  3685 | D:4      | Found a shimmering altar of Xom.
  3685 | D:4      | Found a shimmering altar of Xom.
  3685 | D:4      | Found a shimmering altar of Xom.
  3690 | D:4      | Found a shimmering altar of Xom.
  3690 | D:4      | Found a shimmering altar of Xom.
  3743 | D:4      | Found a burning altar of Makhleb.
  4275 | D:4      | Learned a level 5 spell: Agony
  4315 | D:5      | Entered Level 5 of the Dungeon
  4631 | D:5      | Reached skill level 5 in Spellcasting
  4733 | D:5      | Noticed Ijyb
  4741 | D:5      | Killed Ijyb
  4865 | D:5      | HP: 2/41 [ogre/+0 giant spiked club (25)]
  4869 | D:5      | Reached XP level 7. HP: 3/46 MP: 2/14
  5188 | D:5      | Reached * piety under Kikubaaqudgha
  5188 | D:5      | You add the spells Kiss of Death and Cigotuvi's Dreadful
                  | Rot to your library.
  5188 | D:5      | Received a gift from Kikubaaqudgha
  5198 | D:5      | Learned a level 2 spell: Cigotuvi's Dreadful Rot
  5246 | D:5      | Reached skill level 5 in Dodging
  5394 | D:5      | HP: 9/46 [phantom (3)]
  5396 | D:5      | HP: 3/46 [phantom (4)]
  5746 | D:6      | Upgraded the game from 0.31-a0-174-g85c54bcb58 to
                  | 0.31-a0-182-gc5ef74bbde
  5746 | D:6      | magus.rc [v1.9.6]
  5830 | D:6      | Reached skill level 6 in Necromancy
  5894 | D:6      | You pick up a book of Unlife and begin reading...
  5894 | D:6      | You add the spells Borgnjor's Vile Clutch and Death Channel
                  | to your library.
  5896 | D:6      | Identified the +4 dagger of Extinguishment {antimagic, Fly
                  | rElec Int+4 Dex-3}
  5912 | D:6      | Reached skill level 6 in Spellcasting
  5988 | D:6      | Reached XP level 8. HP: 40/52 MP: 6/17
  6128 | D:6      | Reached skill level 6 in Dodging
  6431 | D:6      | Found a stormy altar of Qazlal.
  6454 | D:6      | You add the spells Passage of Golubria and Yara's Violent
                  | Unravelling to your library.
  6509 | D:6      | Learned a level 5 spell: Borgnjor's Vile Clutch
  6776 | D:6      | Reached skill level 1 in Earth Magic
  7034 | D:7      | Reached skill level 7 in Spellcasting
  7088 | D:7      | Noticed Joseph
  7122 | D:7      | Reached skill level 7 in Necromancy
  7137 | D:8      | Reached skill level 2 in Earth Magic
  7286 | D:8      | Noticed a centaur warrior
  7307 | D:8      | Killed a centaur warrior
  7308 | D:8      | Reached skill level 8 in Spellcasting
  7308 | D:8      | Reached skill level 3 in Earth Magic
  7308 | D:8      | Reached XP level 9. HP: 28/57 MP: 0/21
  7470 | D:7      | HP: 14/57 [Joseph/+0 quarterstaff (11)]
  7475 | D:7      | HP: 4/57 [Joseph/+0 quarterstaff (8)]
  7476 | D:7      | Killed Joseph
  7477 | D:7      | Reached skill level 8 in Necromancy
  7481 | D:7      | Shot with an arrow by a centaur

Vanquished Creatures
  A centaur warrior (D:8)
  Joseph (D:7)
  2 steam dragons
  A water moccasin (D:7)
  3 ice beasts
  A sky beast (D:8)
  A black bear (D:5)
  3 ogres
  A scorpion (D:5)
  4 killer bees (D:6)
  A howler monkey (D:6)
  A hound (D:5)
  3 jellies
  4 iguanas
  Ijyb (D:5)
  3 gnolls
  4 adders
  A shadow imp (D:5)
  2 white imps (D:5)
  2 worms (D:3)
  4 dart slugs
  3 orcs
  8 ball pythons
  7 bats
  4 endoplasms
  3 giant cockroaches
  3 goblins
  5 hobgoblins
  2 jackals (D:2)
  3 kobolds
  A quokka (D:5)
  A frilled lizard (D:3)
  4 rats
88 creatures vanquished.

Vanquished Creatures (collateral kills)
  A phantom (D:6)
  A killer bee (D:6)
  An iguana (D:6)
  A shadow imp (D:6)
  2 dart slugs
  An endoplasm (D:4)
  A goblin (D:2)
  A bat (D:1)
  A frilled lizard (D:2)
  2 rats
12 creatures vanquished.

Vanquished Creatures (others)
  2 killer bee zombies (D:6)
  2 goblins (D:5)
  A quokka (D:5)
  A quokka zombie (D:5)
6 creatures vanquished.

Grand Total: 106 creatures vanquished

Table legend:
 A = Non-vault XP
 B = Vault XP
 C = Vault XP percentage of total XP
 D = Non-vault monster count
 E = Vault monster count
 F = Vault count percentage of total count
                 A         B        C        D         E       F
            +---------+---------+-------+---------+---------+-------
      Total |    2394 |    1487 |  38.3 |      95 |       5 |   5.0
            +---------+---------+-------+---------+---------+-------
        D:1 |      37 |       0 |   0.0 |      21 |       0 |   0.0
        D:2 |      78 |       0 |   0.0 |      17 |       0 |   0.0
        D:3 |      82 |       0 |   0.0 |      16 |       0 |   0.0
        D:4 |     326 |       0 |   0.0 |      10 |       0 |   0.0
        D:5 |     497 |      35 |   6.6 |      12 |       1 |   7.7
        D:6 |    1033 |       0 |   0.0 |      16 |       0 |   0.0
        D:7 |     209 |     568 |  73.1 |       2 |       2 |  50.0
        D:8 |     132 |     884 |  87.0 |       1 |       2 |  66.7
            +---------+---------+-------+---------+---------+-------

Skill      XL: |  1  2  3  4  5  6  7  8  9 |
---------------+----------------------------+-----
Dodging        | 2 3 4 5 6 |  6.2
Spellcasting   | 3 4 5 6 8 |  8.7
Necromancy     | 5 6 7 8 |  8.0
Earth Magic    | 3 |  3.5
Stealth        | |  1.5

Action                     |  1- 3 |  4- 6 |  7- 9 || total
---------------------------+-------+-------+-------++-------
  Melee: Unarmed           |     8 |     7 |    33 ||    48
         Punch             |       |     1 |       ||     1
         Hand axe          |       |       |    11 ||    11
   Cast: Necrotise         |    79 |    78 |    84 ||   241
         Vampiric Draining |       |    11 |    24 ||    35
         Animate Dead      |       |       |     2 ||     2
         Cigotuvi's Dreadf |       |       |     1 ||     1
         Agony             |       |       |     1 ||     1
 Invoke: Unearth Wretches  |       |       |     1 ||     1
  Evoke: Wand              |       |     3 |     5 ||     8
    Use: Scroll            |     2 |     9 |     4 ||    15
 Armour: Robe              |    12 |     9 |       ||    21
         Leather armour    |       |       |    49 ||    49
  Dodge: Dodged            |    26 |    28 |    83 ||   137

Illustrated notes

Table legend:
 A = Kills in this place as a percentage of kills in the entire game.
 B = Kills by you in this place as a percentage of kills by you in the entire game.
 C = Kills by friends in this place as a percentage of kills by friends in the entire game.
 D = Other kills in this place as a percentage of other kills in the entire game.
 E = Experience gained in this place as a percentage of experience gained in the entire game.
 F = Experience gained in this place divided by the number of levels of this place that you have seen.
                   A       B       C       D       E      F
               +-------+-------+-------+-------+-------+----------------------
         Total | 100.0 | 100.0 | 100.0 |   N/A | 100.0 | 431.2
       Dungeon | 100.0 | 100.0 | 100.0 |   N/A | 100.0 | 485.1
               +-------+-------+-------+-------+-------+----------------------

Table legend: (Time is in decaauts)
 A = Elapsed time spent in this place.
 B = Non-inter-level travel time spent in this place.
 C = Inter-level travel time spent in this place.
 D = Time resting spent in this place.
 E = Time spent auto-exploring this place.
 F = Levels seen in this place.
 G = Mean time per level.
                   A        B        C        D        E       F      G
               +--------+--------+--------+--------+--------+-----+--------+
         Total |   7493 |   7163 |    330 |    759 |   5299 |   9 |  832.6 |
       Dungeon |   7260 |   6962 |    298 |    759 |   5111 |   8 |  907.5 |
        Temple |    233 |    201 |     32 |      0 |    188 |   1 |  233.0 |
               +--------+--------+--------+--------+--------+-----+--------+

Top non-repeatable levels by time:
     D:5: 1432 daAuts
     D:6: 1185 daAuts
     D:1: 1160 daAuts
     D:2: 1020 daAuts
     D:4: 956 daAuts
     D:3: 955 daAuts
     D:8: 308 daAuts
     D:7: 241 daAuts
  Temple: 233 daAuts
